 Dungeon Crawl Stone Soup version 0.26.1-11-gd32895ea62 (webtiles) character file.

Game seed: 8327783055482450108

109664 nightchill the Unseen (level 17, -10/109 HPs)
             Began as a Kobold Enchanter on July 28, 2021.
             Was a High Priest of Wu Jian.
             Hit by a large rock thrown by a stone giant (50 damage)
             ... on level 3 of the Shoals on Aug 3, 2021.
             The game lasted 02:21:47 (44583 turns).

nightchill the Unseen (Kobold Enchanter)           Turns: 44583, Time: 02:21:47

Health: -10/109    AC:  7    Str: 10    XL:     17   Next: 7%
Magic:  18/20      EV: 25    Int: 18    God:    Wu Jian [*****.]
Gold:   2227       SH:  0    Dex: 16    Spells: 5/20 levels left

rFire    + . .     SeeInvis .   b - +8 quick blade
rCold    . . .     Faith    .   (shield restricted)
rNeg     . . .     Spirit   .   Q - +2 robe {Will+}
rPois    +         Reflect  .   D - +0 helmet
rElec    .         Harm     .   f - scarf {+Inv}
rCorr    .         Rampage  .   h - +1 pair of gloves
Will     ++...                  (no boots)
Stlth    ++++......             n - amulet of the acrobat
HPRegen  0.28/turn              x - ring of poison resistance
MPRegen  0.17/turn              K - ring of protection from fire

@: about to teleport, very slow
A: small, nightstalker 3
a: Renounce Religion, Evoke Invisibility, Wall Jump, Serpent's Lash, Heavenly
Storm


You were on level 3 of the Shoals.
You worshipped Wu Jian.
Wu Jian was extremely pleased with you.
You visited 5 branches of the dungeon, and saw 27 of its levels.

You collected 2807 gold pieces.
You spent 580 gold pieces at shops.

Inventory:

Hand Weapons
 a - a +3 dagger of venom
 b - a +8 quick blade (weapon)
 w - a +0 vampiric rapier
 R - a +2 antimagic dagger
Missiles
 F - 7 throwing nets
 N - 12 boomerangs of dispersal
Armour
 f - a scarf of invisibility (worn)
 h - a +1 pair of gloves (worn)
 D - a +0 helmet (worn)
 Q - a +2 robe of willpower (worn)
 S - a +2 leather armour of fire resistance
 V - the +3 robe of Inference {Rampage rF+ rC+ SInv, ramp good or bad}
   (You found it on level 2 of the Shoals)

   It protects you from fire.
   It protects you from cold.
   It lets you see invisible.
   It bestows one free step when moving towards enemies.
Magical Staves
 y - an uncursed staff of air
Jewellery
 e - an uncursed ring of resist corrosion
 j - an uncursed ring of ice
 n - an amulet of the acrobat (around neck)
 s - an uncursed ring of wizardry
 u - an uncursed ring of flight
 x - a ring of poison resistance (left hand)
 K - a ring of protection from fire (right hand)
 X - an uncursed ring of magical power
Wands
 g - a wand of acid (12)
 H - a wand of disintegration (40)
 M - a wand of enslavement (30)
 O - a wand of polymorph (18)
 W - a wand of paralysis (17)
 Y - a wand of flame (34)
Scrolls
 c - 4 scrolls of enchant armour
 d - 8 scrolls of teleportation
 i - 11 scrolls of remove curse
 k - 2 scrolls of fog
 q - 2 scrolls of blinking
 r - 4 scrolls of fear
 t - 3 scrolls of enchant weapon
 L - 2 scrolls of amnesia
 P - a scroll of holy word
Potions
 m - a potion of resistance
 o - 2 potions of might
 p - 7 potions of lignification
 z - 2 potions of heal wounds
 A - 3 potions of magic
 B - a potion of attraction
 C - 2 potions of brilliance
 E - a potion of cancellation
 G - 2 potions of berserk rage
 J - a potion of invisibility
 T - 3 potions of flight
 U - 4 potions of curing
 Z - a potion of ambrosia
Miscellaneous
 l - a tin of tremorstones (2/2)
 v - a condenser vane (inert)
 I - a box of beasts


   Skills:
 + Level 13.3 Fighting
 - Level 10.0 Short Blades
 + Level 13.0 Dodging
 + Level 17.1 Stealth
 - Level 2.1 Spellcasting
 + Level 14.3 Hexes
 - Level 6.0 Transmutations
 - Level 6.0 Earth Magic
 - Level 12.0 Evocations


You had 5 spell levels left.
You knew the following spells:

 Your Spells              Type           Power        Failure   Level
a - Corona                Hex            57%          1%          1
b - Ensorcelled Hibernat  Hex/Ice        54%          1%          2
c - Confusing Touch       Hex            52%          1%          3
d - Tukima's Dance        Hex            52%          1%          3
e - Dazzling Flash        Conj/Hex       54%          2%          3
f - Passwall              Tmut/Erth      19%          2%          2
g - Apportation           Tloc           2%           19%         1

Your spell library contained the following spells:

 Spells                   Type           Power        Failure   Level
 Sandblast                Erth           46%          1%          1
 Animate Skeleton         Necr           2%           19%         1
 Shock                    Conj/Air       4%           19%         1
 Summon Small Mammal      Summ           4%           19%         1
 Swiftness                Air            1%           26%         2
 Static Discharge         Conj/Air       1%           47%         3
 Airstrike                Air            0%           87%         4
 Iskenderun's Mystic Bla  Conj/Tloc      1%           87%         4
 Bolt of Magma            Conj/Fire/Erth 4%           91%         5
 Lightning Bolt           Conj/Air       0%           99%         5
 Disjunction              Tloc           0%           100%        8


Dungeon Overview and Level Annotations

Branches:
Dungeon (15/15)            Temple (0/1) D:7            Lair (5/6) D:10
 Shoals (3/4) Lair:3       Spider (2/4) Lair:2        Slime (0/5) Lair:5
    Orc (2/2) D:12            Elf (0/3) Orc:2        Vaults (0/5) D:14
 Depths: D:15

Altars:
Ashenzari
Kikubaaqudgha
Sif Muna
Vehumet
Wu Jian
Yredelemnul
The Shining One
Beogh
Jiyva

Shops:
D:10 (   D:12 *   Orc:1 (   Orc:2 =([*[   Shoals:1 (

Annotations:
D:3 3 runed translucent doors
D:6 exclusion: statue
D:9 2 transporters, exclusion: electric eel
D:10 !invis, exclusion: downstairs
D:11 exclusion: downstairs
D:13 exclusion: 2 downstairs
D:14 1 runed translucent door
D:15 3 runed translucent doors, 1 exclusion, Sarif's ghost, journeyman SpHu
Lair:1 exclusion: 2 downstairs
Lair:4 exclusions: 2 downstairs and 1 more exclusion
Shoals:2 exclusion: kraken
Shoals:3 1 exclusion
Orc:2 exclusion: upstairs


Innate Abilities, Weirdness & Mutations

You are small and have problems with some larger weapons.
You are completely attuned to the shadows.


Message History

You closely miss the merfolk avatar.
The merfolk avatar is moderately wounded.
You closely miss the merfolk avatar.
The merfolk avatar is moderately wounded.
You hit the merfolk avatar but do no damage.
The merfolk avatar appears confused.
The merfolk avatar is moderately wounded.
Your unstable footing causes you to fumble your attack.
The merfolk avatar stops singing.
You are no longer entranced.
The merfolk avatar's song is interrupted.
The merfolk avatar is engulfed in poison gas.
The merfolk avatar looks as sick as possible!
The merfolk looks as sick as possible!
The merfolk barely misses you. The snapping turtle closely misses you.
The merfolk avatar looks as sick as possible!
The stone giant is engulfed in poison gas.
The stone giant looks even sicker.
The stone giant throws a large rock.
The large rock hits you!!!
You die...

≈≈.......≈≈≈≈≈≈≈≈≈≈≈≈≈≈≈≈
.^...≈≈≈≈≈≈≈≈≈≈≈≈≈(≈≈≈≈≈≈
.....≈≈≈≈≈≈≈≈≈≈≈≈≈≈≈≈≈≈≈
.....≈≈≈≈≈≈≈≈≈≈≈≈≈≈≈≈≈≈≈
..(.(≈≈#####≈≈####(≈≈≈≈≈
##≈.≈### ########≈≈≈≈≈
#(#≈#≈# ##m§≈≈#.§≈≈≈
#≈÷)≈≈# #(≈≈≈#(.§≈≈≈
#((#≈≈# #≈≈#@(§§§≈≈≈
#≈≈≈≈≈# #≈§H§#≈.≈≈≈≈
##≈≈)## ##§Cmt#≈≈≈≈≈
##### ##§###≈≈≈≈ ## ≈≈


You could see a stone giant (very poisoned), a merfolk avatar (confused,
extremely poisoned), a snapping turtle (extremely poisoned), a merfolk
(extremely poisoned) and a manticore (very poisoned).

Vanquished Creatures
  2 orc warlords (Orc:2)
  Louise (Shoals:2)
  Azrael (Spider:1)
  Snorg (Lair:3)
  4 merfolk javelineers
  2 merfolk impalers
  A yaktaur captain (D:14)
  Fannar (D:10)
  6 hydras
  Harold (D:7)
  A catoblepas (D:13)
  2 boulder beetles
  A merfolk aquamancer (Shoals:3)
  A satyr (Shoals:3)
  An alligator snapping turtle (Shoals:3)
  7 centaur warriors
  3 two-headed ogres (D:13)
  A merfolk avatar (Shoals:3)
  6 orc high priests (Orc:2)
  Nergalle (D:11)
  4 sea snakes
  5 orc knights
  8 harpies (Shoals:3)
  Pikel (D:9)
  A phantasmal warrior (D:12)
  13 ugly things
  5 orc sorcerers
  An orb spider (Lair:2)
  12 manticores
  A wolf spider (Spider:1)
  8 cyclopes
  A deep elf mage (D:10)
  8 elephants
  17 fauns
  A moth of wrath (Spider:1)
  3 black mambas
  A merfolk siren (Shoals:3)
  A torpor snail (Lair:5)
  Psyche (D:8)
  A gargoyle (D:14)
  2 water nymphs (Shoals:2)
  10 cane toads
  9 komodo dragons
  2 yaktaurs (D:14)
  A demonic crawler (Spider:1)
  A freezing wraith (D:14)
  9 trolls
  10 merfolk
  A hornet (D:6)
  A hornet (shapeshifter) (D:15)
  Grinder (D:6)
  2 polar bears
  3 slime creatures (D:14)
  3 wind drakes (Shoals:2)
  4 snapping turtles
  4 dream sheep (Lair:5)
  15 blink frogs
  Sigmund (D:4)
  3 tarantellas (Spider:1)
  30 yaks
  5 redbacks (Spider:1)
  5 wyverns
  2 shadows (D:12)
  2 vampires
  8 basilisks
  2 wraiths
  5 fire elementals
  5 water elementals
  2 vampire mosquitoes (D:13)
  4 wargs
  An acid dragon (D:13)
  A soldier ant (D:13)
  2 hell hounds (Spider:1)
  5 water moccasins
  36 orc warriors
  An eye of draining (D:8)
  An ice beast (D:13)
  A sky beast (D:12)
  3 black bears
  4 boggarts (D:15)
  15 ogres
  An eye of draining (shapeshifter) (D:13)
  3 phantoms
  A necrophage (D:7)
  14 wolves
  25 centaurs
  3 lemures (D:9)
  3 big kobolds
  17 bullfrogs
  6 earth elementals (D:13)
  4 scorpions
  A troll zombie (D:12)
  16 wights
  7 electric eels (D:9)
  A howler monkey (D:4)
  4 jellies
  7 hounds
  12 orc priests
  2 centaur skeletons
  26 orc wizards
  2 bullfrog skeletons
  2 iguanas
  12 worker ants
  A killer bee zombie (D:9)
  5 ogre zombies (D:12)
  A howler monkey zombie (D:7)
  A worker ant zombie (D:7)
  9 adders
  A howler monkey skeleton (D:7)
  2 shadow imps
  3 white imps
  4 ufetubi
  6 worms
  2 dart slugs
  3 leopard geckos
  62 orcs
  A ball python (D:3)
  5 giant cockroaches
  10 goblins
  5 hobgoblins
  13 jackals
  26 kobolds
  4 quokkas
  9 bats
  6 frilled lizards
  A goblin skeleton (D:12)
  2 goblin zombies (D:12)
  2 hobgoblin zombies (D:12)
  An orc skeleton (D:12)
  13 orc zombies (D:12)
  6 rats
732 creatures vanquished.

Vanquished Creatures (collateral kills)
  A two-headed ogre (D:10)
1 creature vanquished.

Vanquished Creatures (others)
  An ugly thing (D:14)
  A shadow (D:14)
  2 dancing weapons (D:6)
  A centaur (Shoals:3)
  An orc (D:14)
  82 fungi
  79 plants
167 creatures vanquished.

Grand Total: 900 creatures vanquished

Notes
Turn   | Place    | Note
-------+----------+-------------------------------------------
     0 | D:1      | nightchill the Kobold Enchanter began the quest for the
                  | Orb.
     0 | D:1      | Reached XP level 1. HP: 10/10 MP: 3/3
   468 | D:1      | Reached XP level 2. HP: 16/16 MP: 5/5
   475 | D:1      | Learned a level 2 spell: Ensorcelled Hibernation
   985 | D:1      | Reached XP level 3. HP: 20/20 MP: 6/6
   992 | D:1      | Reached skill level 1 in Fighting
  1056 | D:1      | Reached skill level 1 in Evocations
  1531 | D:2      | Reached XP level 4. HP: 25/25 MP: 0/7
  2636 | D:3      | Found a runed translucent gate.
  2640 | D:3      | Found a runed translucent gate.
  2641 | D:3      | Found a runed translucent gate.
  2658 | D:3      | Reached XP level 5. HP: 30/30 MP: 8/8
  2848 | D:3      | Reached skill level 5 in Stealth
  3430 | D:4      | Noticed Sigmund
  3442 | D:4      | Reached XP level 6. HP: 33/35 MP: 6/9
  3479 | D:4      | Killed Sigmund
  3480 | D:4      | Reached XP level 7. HP: 22/41 MP: 7/10
  3785 | D:4      | Learned a level 3 spell: Confusing Touch
  3789 | D:4      | Learned a level 3 spell: Tukima's Dance
  3845 | D:4      | Reached skill level 6 in Stealth
  3969 | D:4      | Reached skill level 5 in Evocations
  4364 | D:4      | You fall into a shaft and drop 2 floors!
  4418 | D:6      | Noticed a hornet
  4422 | D:6      | Killed a hornet
  4423 | D:6      | Reached skill level 5 in Short Blades
  4423 | D:6      | Reached XP level 8. HP: 44/48 MP: 8/11
  4601 | D:6      | Got a twisted dagger
  4604 | D:5      | Entered Level 5 of the Dungeon
  4614 | D:5      | Found an ornate altar of the Wu Jian Council.
  4619 | D:5      | Became a worshipper of the Wu Jian Council
  5152 | D:5      | Reached skill level 7 in Stealth
  6034 | D:6      | Identified the cursed +2 dagger of Indomitability {pain,
                  | rElec rF- Dex+5} (You found it on level 6 of the Dungeon)
  6095 | D:6      | Noticed Grinder
  6122 | D:6      | Killed Grinder
  6233 | D:6      | Found a radiant altar of Vehumet.
  6293 | D:6      | Reached XP level 9. HP: 53/53 MP: 12/12
  6312 | D:6      | Found the +8 mithril axe "Arga" {speed, Will+}
  6510 | D:6      | Reached skill level 5 in Fighting
  6542 | D:6      | Reached skill level 8 in Stealth
  6652 | D:6      | Got a pair of masterwork boots
  6658 | D:6      | Identified the +4 pair of boots "Furycsasa" {Harm Will+++
                  | Str-4 SInv} (You found it on level 6 of the Dungeon)
  7089 | D:7      | Noticed a cyclops
  7113 | D:7      | Reached * piety under Wu Jian
  7115 | D:7      | Killed a cyclops
  7236 | D:7      | You fall into a shaft and drop 2 floors!
  7347 | D:9      | Reached skill level 5 in Hexes
  7649 | D:9      | Reached XP level 10. HP: 60/60 MP: 13/13
  7727 | D:9      | Noticed Pikel
  7743 | D:9      | Killed Pikel
  7744 | D:9      | Reached skill level 9 in Stealth
  7973 | D:7      | Noticed Harold
  8007 | D:7      | Killed Harold
  8481 | D:7      | Reached ** piety under Wu Jian
  8508 | D:7      | Found a glowing golden altar of the Shining One.
  8702 | D:7      | Found a staircase to the Ecumenical Temple.
  9047 | D:8      | Noticed Psyche
  9063 | D:8      | Killed Psyche
  9221 | D:8      | Reached skill level 10 in Short Blades
  9578 | D:8      | Found an ancient bone altar of Kikubaaqudgha.
  9774 | D:9      | Found a shimmering blue altar of Sif Muna.
  9774 | D:9      | Found a basalt altar of Yredelemnul.
  9778 | D:9      | Reached skill level 10 in Stealth
  9778 | D:9      | Reached XP level 11. HP: 66/66 MP: 14/14
  9938 | D:9      | Found a transporter.
  9939 | D:9      | Found a transporter.
  9939 | D:9      | Noticed a cyan ugly thing
  9940 | D:9      | Noticed a purple ugly thing
 11073 | D:10     | Entered Level 10 of the Dungeon
 11073 | D:10     | Noticed a deep elf mage
 11075 | D:10     | Killed a deep elf mage
 11309 | D:10     | Found a staircase to the Lair.
 11435 | D:10     | Reached *** piety under Wu Jian
 11451 | D:10     | Found Fiamed's Antique Weapon Emporium.
 11454 | D:10     | Noticed a two-headed ogre
 11469 | D:10     | Killed a two-headed ogre
 11944 | Lair:1   | Entered Level 1 of the Lair of Beasts
 12292 | Lair:1   | Learned a level 3 spell: Dazzling Flash
 12955 | Lair:1   | Reached skill level 10 in Evocations
 13495 | Lair:2   | Reached skill level 11 in Stealth
 13495 | Lair:2   | Reached skill level 5 in Dodging
 13946 | Lair:2   | Reached XP level 12. HP: 36/73 MP: 15/15
 15002 | Lair:2   | Got a brightly glowing quarterstaff
 15034 | Lair:2   | Found a hole to the Spider Nest.
 15807 | Lair:2   | Reached skill level 10 in Hexes
 16631 | Lair:3   | Noticed a five-headed hydra
 16634 | Lair:3   | Killed a five-headed hydra
 16635 | Lair:3   | Reached skill level 12 in Stealth
 16669 | Lair:3   | Noticed an eight-headed hydra
 16672 | Lair:3   | Killed an eight-headed hydra
 16691 | Lair:3   | Noticed a four-headed hydra
 16695 | Lair:3   | Killed a four-headed hydra
 16982 | Lair:3   | Found a staircase to the Shoals.
 17076 | Lair:3   | Noticed Snorg
 17085 | Lair:3   | Reached XP level 13. HP: 80/80 MP: 10/16
 17096 | Lair:3   | Killed Snorg
 17432 | Lair:3   | Identified the Compendium of the Goldsmith
 18900 | Lair:4   | Reached skill level 13 in Stealth
 19063 | Lair:4   | Reached **** piety under Wu Jian
 20695 | Lair:5   | Reached skill level 10 in Fighting
 20797 | Lair:5   | Found a viscous altar of Jiyva.
 20797 | Lair:5   | Found a staircase to the Slime Pits.
 20867 | Lair:5   | Noticed a four-headed hydra
 20888 | Lair:5   | Killed a four-headed hydra
 22722 | D:10     | Noticed Fannar
 22724 | D:10     | Killed Fannar
 22861 | D:10     | Reached XP level 14. HP: 73/88 MP: 8/17
 23407 | D:11     | Learned a level 2 spell: Passwall
 23529 | D:11     | Noticed Nergalle
 23531 | D:11     | Killed Nergalle
 23531 | D:11     | Reached skill level 1 in Transmutations
 23531 | D:11     | Reached skill level 1 in Earth Magic
 24796 | D:12     | Found Icvedick's Assorted Antiques.
 24802 | D:12     | Bought a scroll of identify for 52 gold pieces
 24802 | D:12     | Bought a scroll of identify for 52 gold pieces
 24962 | D:12     | Found a staircase to the Orcish Mines.
 25824 | D:12     | Reached skill level 14 in Stealth
 26104 | D:12     | Learned a level 1 spell: Apportation
 26661 | D:12     | HP: 4/83 [phantasmal warrior[a death knight] (36)]
 26662 | D:12     | HP: 1/83 [phantasmal warrior[a death knight] (30)]
 27047 | Orc:1    | Entered Level 1 of the Orcish Mines
 27146 | Orc:2    | Entered Level 2 of the Orcish Mines
 27150 | Orc:2    | Found a staircase to the Elven Halls.
 27196 | Orc:2    | Found a roughly hewn altar of Beogh.
 27365 | Orc:2    | Found Beomet's Jewellery Emporium.
 28372 | Orc:2    | Noticed an orc warlord
 28714 | Orc:1    | Identified a scroll of acquirement
 28714 | Orc:1    | Acquired a +8 quick blade
 29410 | Orc:2    | Killed an orc warlord
 29436 | Orc:2    | Reached ***** piety under Wu Jian
 29660 | Orc:2    | Found Obrucw's Antique Weapon Emporium.
 29685 | Orc:2    | Found Ytwuyz Kam's Armour Emporium.
 30127 | Orc:2    | Reached skill level 10 in Dodging
 30276 | Orc:2    | Found Tamul's Antique Armour Shoppe.
 30371 | Orc:2    | Found Tewnigod's General Store.
 30752 | Orc:1    | Reached skill level 5 in Earth Magic
 30762 | Orc:1    | Reached skill level 5 in Transmutations
 30780 | Orc:1    | Reached XP level 15. HP: 78/89 MP: 14/18
 30799 | Orc:1    | Noticed an orc warlord
 31080 | Orc:2    | Killed an orc warlord
 31745 | Orc:1    | Found Ycao's Antique Weapon Shoppe.
 32111 | Orc:1    | Identified the +0 quarterstaff "Xakhlau" {vamp, rN+} (You
                  | found it on level 2 of the Lair of Beasts)
 32295 | Orc:2    | Bought an uncursed ring of poison resistance for 280 gold
                  | pieces
 34803 | D:13     | Reached skill level 15 in Stealth
 35189 | D:14     | Found a gate to the Vaults.
 36631 | D:14     | Found a runed translucent door.
 36743 | D:15     | Entered Level 15 of the Dungeon
 36761 | D:15     | Found a runed translucent gate.
 36761 | D:15     | Found a runed translucent gate.
 36761 | D:15     | Found a runed translucent gate.
 36829 | D:15     | Noticed Sarif's ghost (journeyman SpHu)
 37054 | D:15     | Found a broken altar of Ashenzari.
 37991 | D:15     | Reached XP level 16. HP: 101/101 MP: 19/19
 38240 | Spider:1 | Entered Level 1 of the Spider Nest
 38245 | Spider:1 | Noticed Azrael
 38295 | Spider:1 | Killed Azrael
 38884 | Shoals:1 | Entered Level 1 of the Shoals
 38885 | Shoals:1 | Found Oluxt's Weapon Shop.
 39210 | Shoals:1 | Reached skill level 16 in Stealth
 40452 | Shoals:1 | Bought a +0 vampiric rapier for 196 gold pieces
 40490 | Shoals:2 | Noticed Louise
 40493 | Shoals:2 | Killed Louise
 40513 | Shoals:2 | Identified the +3 robe of Inference {Rampage rF+ rC+ SInv}
                  | (You found it on level 2 of the Shoals)
 41683 | Shoals:2 | Noticed a kraken
 43813 | Shoals:3 | Reached skill level 17 in Stealth
 43895 | Shoals:3 | Reached XP level 17. HP: 95/109 MP: 16/20
 44583 | Shoals:3 | Hit by a large rock thrown by a stone giant

Illustrated notes

Levels and vault maps discovered:
D:1:      zaba_arrival_water, layout_rooms
D:2:      layout_loops_ring
D:3:      layout_rooms, ebering_ghost_rock_garden, grunt_ministairs_15,
          st_stairs_7
D:4:      layout_basic, uniq_sigmund
D:5:      layout_rooms, nicolae_overflow_crystal_walls
D:6:      layout_basic, vehumet_statue, solitary_fountain, nrook_mini_backslash,
          grunt_decor_clamped, uniq_grinder
D:7:      layout_rooms, old_standard_altar, uniq_harold
D:8:      layout_cave_pools, nicolae_overflow_hidden_temple, uniq_psyche
D:9:      gammafunk_corrupted_shrine, layout_cave_pools,
          gammafunk_temple_overflow_statue, serial_bayou, serial_bayou_lagoon_b,
          serial_bayou_pond_d, serial_bayou_shore_a, serial_bayou_pond_a,
          uniq_pikel
D:10:     layout_roguey, grunt_lair_entry_orc_guard_hut, serial_shops, shop,
          grunt_ministairs_4, uniq_fannar
D:11:     layout_long_grid, uniq_nergalle
D:12:     layout_cave_pods, zombieorc1_lemuel, serial_shops,
          nicolae_shop_overgrown_old_shop
D:13:     layout_cave_pods, kennysheep_cross_room, hangedman_cracks_in_the_wall
D:14:     layout_rooms, david_vaults_2, chequers_serial_rivers_micro_a,
          lightli_church_of_beogh
D:15:     grunt_enter_depths_hoard, layout_long_grid, basic_altar,
          serial_rivers, chequers_serial_rivers_small_b,
          chequers_serial_rivers_room_a, chequers_serial_rivers_small_3,
          chequers_serial_rivers_large_a, chequers_serial_rivers_small_b,
          chequers_serial_rivers_micro_a, maelrawn_ghost_gauntlet_escape,
          hangedman_decor_diamond_cutter
Lair:1:   layout_roguey, grunt_megastairs_1
Lair:2:   layout_chaotic_city, nicolae_spider_entry_orb_guardian,
          gauntlet_entry_generic, infiniplex_staircase_pool, grunt_megastairs_3
Lair:3:   layout_gridlike, elwin_shoals_entry_rooms, grunt_megastairs_2,
          uniq_snorg
Lair:4:   layout_cave_pods
Lair:5:   layout_gridlike, slime_altar_1
Shoals:1: layout_shoals, serial_shops, nicolae_shop_statue_plus
Shoals:2: layout_shoals, nicolae_shoals_this_corrosion, uniq_louise
Shoals:3: layout_shoals, hangedman_shoals_cup_caves
Spider:1: gammafunk_its_a_trap, einodemon_crawler_minivault, uniq_azrael
Spider:2: cheibrodos_spider_silkery, ebering_ghost_disaster_area,
          nicolae_spider_cling_halls
Orc:1:    layout_diamond_mine, serial_shops, nicolae_shop_overgrown_old_shop
Orc:2:    grunt_orc_gardens, layout_caves, grunt_orc_garden, grunt_orc_garden,
          grunt_orc_garden, grunt_orc_garden, serial_shops, shop, basic_altar

Skill      XL: |  1  2  3  4  5  6  7  8  9 10 11 12 13 14 15 16 17 |
---------------+----------------------------------------------------+-----
Short Blades   | 2 3 4 5 6 8 10 | 10.0
Fighting       | 1 2 3 4 5 6 8 9 10 11 12 13 | 13.3
Evocations     | 1 2 3 4 6 7 8 9 10 11 12 | 12.0
Stealth        | 5 6 7 8 10 11 12 13 14 15 17 | 17.1
Hexes          | 5 7 9 10 12 13 14 | 14.3
Dodging        | 5 7 9 10 11 12 13 | 13.0
Transmutations | 5 6 |  6.0
Earth Magic    | 5 6 |  6.0
Spellcasting   | |  2.1

Action                   |  1- 3 |  4- 6 |  7- 9 | 10-12 | 13-15 | 16-18 || total
-------------------------+-------+-------+-------+-------+-------+-------++-------
Melee: Dagger            |    77 |   124 |   239 |   681 |   969 |       ||  2090
       Quick blade       |       |       |       |       |   746 |   597 ||  1343
       Rapier            |       |       |       |       |    17 |       ||    17
 Cast: Corona            |     6 |       |       |     1 |     1 |       ||     8
       Ensorcelled Hiber |    11 |    11 |    15 |    32 |    17 |       ||    86
       Tukima's Dance    |       |       |     3 |     3 |     7 |       ||    13
       Confusing Touch   |       |       |     1 |    19 |    72 |    37 ||   129
       Dazzling Flash    |       |       |       |     3 |    40 |     2 ||    45
       Passwall          |       |       |       |       |     5 |       ||     5
Invok: Lunge             |       |       |    24 |    64 |   154 |    58 ||   300
       Whirlwind         |       |       |     3 |    77 |   175 |    66 ||   321
       Serpent's Lash    |       |       |       |     1 |    16 |     2 ||    19
       Heavenly Storm    |       |       |       |       |     1 |       ||     1
 Abil: Evoke Invisibilit |       |     2 |     5 |     3 |     6 |     2 ||    18
       Wall Jump         |       |       |       |       |     1 |       ||     1
Evoke: Wand              |       |       |     2 |       |       |       ||     2
       Tin of tremorston |       |       |       |       |     1 |       ||     1
       Condenser vane    |       |       |       |       |       |     1 ||     1
  Use: Scroll            |       |     6 |     2 |     9 |    18 |     3 ||    38
       Potion            |       |       |       |     1 |     3 |     2 ||     6
 Stab: Sleeping          |    22 |    19 |    25 |    60 |   131 |    49 ||   306
       Invisible         |       |     4 |    10 |    15 |    71 |    12 ||   112
       Confused          |       |       |     2 |    16 |    90 |    49 ||   157
       Distracted        |       |       |       |     7 |    15 |     2 ||    24
Armor: Robe              |    11 |    22 |    32 |    31 |    58 |    12 ||   166
Dodge: Dodged            |    56 |   102 |   180 |   302 |   796 |   232 ||  1668
